 Dungeon Crawl Stone Soup version 0.27-a0-668-gb5737ff2c0 (webtiles) character file.

Game seed: 7844233834959090182

634 HoaS the Twirler (level 7, 0/53 HPs)
             Began as a Demigod Gladiator on Mar 17, 2021.
             Slain by a gnoll
             ... wielding a +0 halberd
              (3 damage)
             ... on level 5 of the Dungeon.
             The game lasted 00:09:06 (4739 turns).

HoaS the Twirler (Demigod Gladiator)                Turns: 4739, Time: 00:09:06

Health: 0/53       AC:  8    Str: 23    XL:     7   Next: 4%
Magic:  9/9        EV:  8    Int: 10    God:
Gold:   234        SH:  5    Dex: 15    Spells: 6/6 levels left

rFire    . . .     SeeInvis .   a - +2 quarterstaff
rCold    . . .     Faith    .   (shield currently unavailable)
rNeg     . . .     Spirit   .   m - +0 chain mail
rPois    .         Reflect  +   (helmet restricted)
rElec    .         Harm     .   (no cloak)
rCorr    .         Rampage  .   (no gloves)
Will     .....                  (no boots)
Stlth    ..........             e - amulet of reflection
HPRegen  0.17/turn              (no ring)
MPRegen  0.11/turn              (no ring)

@: lethally poisoned (0 -> -4)
A: high mp 1, forlorn, horns 1, camouflage 1, deterioration 1
a: no special abilities


You were on level 5 of the Dungeon.
You visited 1 branch of the dungeon, and saw 5 of its levels.
You also visited: Sewer.

You collected 234 gold pieces.

Inventory:

Hand Weapons
 a - a +2 quarterstaff (weapon)
Missiles
 b - 21 poisoned darts
 d - 4 throwing nets (quivered)
 j - 5 boomerangs
 n - 4 curare-tipped darts
Armour
 c - a +1 helmet
 m - a +0 chain mail (worn)
Jewellery
 e - an amulet of reflection (around neck)
Wands
 g - a wand of paralysis (5)
 h - a wand of flame (20)
Scrolls
 f - a scroll of magic mapping
 i - 2 scrolls of teleportation
 o - a scroll of identify
Potions
 k - 3 potions of flight


   Skills:
 - Level 1.7 Fighting
 + Level 7.7 Staves
 - Level 1.7 Throwing
 - Level 2.6 Dodging


You had 6 spell levels left.
You didn't know any spells.
Your spell library was empty.

Dungeon Overview and Level Annotations

Branches:
Dungeon (5/15)              Sewer (visited)
 Temple: D:4-7

Shops:
D:2 [   D:4 (

Annotations:
D:3 2 transporters, vishdafish's ghost, amateur FoFi


Innate Abilities, Weirdness & Mutations

Your attributes grow dramatically as you level up.
You have an increased reservoir of magic. (+10% MP)
You shall have no god before yourself.
You have a pair of small horns on your head.
Your skin changes colour to match your surroundings (Stealth+).
Your body sometimes deteriorates upon taking damage.


Message History

A gnoll comes into view. It is wielding a +0 whip.
The gnoll shouts!
A gnoll is nearby!
A gnoll comes into view. It is wielding a +0 flail.
The gnoll shouts!
A gnoll comes into view. It is wielding a +0 halberd.
The gnoll shouts!
The gnoll hits you with a +0 whip.
You hit the gnoll.
The gnoll is moderately wounded.
A worker ant comes into view.
The gnoll completely misses you.
You sock the gnoll!
You kill the gnoll!
The gnoll hits you with a +0 flail.
The gnoll hits you from afar with a +0 halberd!
You see here a +0 whip.
You sock the gnoll!
The gnoll is severely wounded.
You block the gnoll's attack.
You completely miss the gnoll. Your headbutt misses the gnoll.
The gnoll is severely wounded.
The gnoll hits you from afar with a +0 halberd.
The gnoll hits you with a +0 flail.
You sock the gnoll!
You kill the gnoll!
The gnoll hits you from afar with a +0 halberd!
You are too injured to fight recklessly!
The worker ant bites you.
You are poisoned.
The worker ant poisons you! The gnoll hits you with a +0 halberd!
* * * LOW HITPOINT WARNING * * *
The worker ant bites you.
* * * LOW HITPOINT WARNING * * *
You sock the gnoll!
You headbutt the gnoll, but do no damage.
The gnoll is severely wounded.
* * * LOW HITPOINT WARNING * * *
You feel sick. The gnoll hits you with a +0 halberd.
You die...

...###.....####
#.....# #.#......#
##.....# #.#...####
#......# #...>....#
## #......#
###..#.#.#
...#......#
.........#
........##.#######[#
#...g# #.#<......#
#####.B@.#
#.....#####
#.....)..#
###.#....#
#.##.....## #....#.#
##......# ###..#.#
#.......# ##...#
#.##.##.# #...#
#.....#.# ###.####
###.....# ##.#..#
#...#.# #.....#


You could see a worker ant and a gnoll.

Vanquished Creatures
  A kobold brigand (Sewer)
  A bullfrog (D:3)
  A scorpion (D:4)
  A bullfrog zombie (D:5)
  A hound (D:4)
  An orc priest (D:4)
  A bullfrog skeleton (D:4)
  2 orc wizards (D:4)
  3 worker ants
  8 adders
  2 gnolls (D:5)
  A river rat (Sewer)
  3 leopard geckos
  15 orcs
  3 ball pythons
  2 giant cockroaches
  7 goblins
  6 hobgoblins
  8 jackals
  2 quokkas
  6 bats
  6 frilled lizards
  6 kobolds
  A leopard gecko skeleton (D:4)
  2 quokka zombies (D:5)
  13 rats
103 creatures vanquished.

Notes
Turn   | Place    | Note
-------+----------+-------------------------------------------
     0 | D:1      | HoaS the Demigod Gladiator began the quest for the Orb.
     0 | D:1      | Reached XP level 1. HP: 17/17 MP: 3/3
    52 | D:1      | Reached skill level 3 in Staves
   202 | D:1      | Reached XP level 2. HP: 20/24 MP: 4/4
   746 | D:1      | Reached XP level 3. HP: 19/29 MP: 5/5
   760 | D:1      | Reached skill level 4 in Staves
  1006 | D:2      | Found Mukhlicev's Antique Armour Shop.
  1678 | D:3      | Reached XP level 4. HP: 21/36 MP: 6/6
  1706 | D:3      | Noticed a bullfrog
  1713 | D:3      | Killed a bullfrog
  1714 | D:3      | Reached skill level 5 in Staves
  1732 | D:3      | Found a transporter.
  1742 | D:3      | Noticed vishdafish's ghost (amateur FoFi)
  1746 | D:3      | Found a transporter.
  1781 | D:3      | Found a glowing drain.
  1786 | Sewer    | Entered a sewer
  1900 | Sewer    | Noticed a kobold brigand
  1949 | Sewer    | Killed a kobold brigand
  1950 | Sewer    | Reached XP level 5. HP: 18/41 MP: 7/7
  1953 | Sewer    | Reached skill level 6 in Staves
  3392 | D:4      | Found Qoquw's Weapon Emporium.
  3407 | D:4      | Reached XP level 6. HP: 27/48 MP: 8/8
  3846 | D:4      | Reached skill level 7 in Staves
  4243 | D:5      | Entered Level 5 of the Dungeon
  4415 | D:5      | Gained mutation: You have a pair of small horns on your
                  | head. [potion of mutation]
  4415 | D:5      | Gained mutation: Your body sometimes deteriorates upon
                  | taking damage. [potion of mutation]
  4415 | D:5      | Gained mutation: Your skin changes colour to match your
                  | surroundings (Stealth+). [potion of mutation]
  4599 | D:5      | Reached XP level 7. HP: 53/53 MP: 9/9
  4739 | D:5      | Slain by a gnoll

Illustrated notes

Levels and vault maps discovered:
D:1:      dpeg_arrival_more_subterranean_lakeside_camping, layout_basic,
          serial_bayou_pond_d, minmay_liquid_box
D:2:      layout_loops_ring, serial_shops, nicolae_shop_behind_doors,
          chequers_ecumenical_altar_simple_redux
D:3:      layout_basic, gammafunk_ghost_arena, portal_sewer_entry_e
D:4:      layout_gridville, serial_shops, nicolae_shop_crystal, minmay_puff
D:5:      layout_basic, grunt_dithmenos_shadows

Skill      XL: |  1  2  3  4  5  6 |
---------------+-------------------+-----
Staves         | 3 4 5 6 7 |  7.7
Fighting       | |  1.7
Throwing       | |  1.7
Dodging        | |  2.6

Action                   |  1- 3 |  4- 6 |  7- 9 || total
-------------------------+-------+-------+-------++-------
Melee: Quarterstaff      |   128 |   164 |     9 ||   301
       Headbutt          |       |       |     1 ||     1
Throw: Dart              |       |     2 |       ||     2
       Throwing net      |       |     1 |       ||     1
  Use: Scroll            |     3 |    10 |     1 ||    14
       Potion            |       |     4 |       ||     4
 Stab: Sleeping          |     1 |       |       ||     1
       Held in net/web   |       |     1 |       ||     1
Armor: Leather armour    |    28 |       |       ||    28
       Ring mail         |    13 |    19 |       ||    32
       Chain mail        |       |    73 |       ||    73
Dodge: Dodged            |    81 |    77 |     2 ||   160
Block: Other             |       |       |     2 ||     2

Table legend: (Time is in decaauts)
 A = Elapsed time spent in this place.
 B = Non-inter-level travel time spent in this place.
 C = Inter-level travel time spent in this place.
 D = Time resting spent in this place.
 E = Time spent auto-exploring this place.
 F = Levels seen in this place.
 G = Mean time per level.
                   A        B        C        D        E       F      G
               +--------+--------+--------+--------+--------+-----+--------+
         Total |   4799 |   4527 |    272 |   1214 |   2480 |   6 |  799.8 |
       Dungeon |   4233 |   3961 |    272 |    923 |   2311 |   5 |  846.6 |
         Sewer |    565 |    565 |      0 |    291 |    168 |   1 |  565.0 |
               +--------+--------+--------+--------+--------+-----+--------+

Top non-repeatable levels by time:
     D:4: 1156 daAuts
     D:3: 954 daAuts
     D:1: 948 daAuts
     D:2: 683 daAuts
   Sewer: 565 daAuts
     D:5: 491 daAuts
